 Dungeon Crawl Stone Soup version 0.26-a0-30-g56b8cd3df0 (webtiles) character file.

Game seed: 1196713252146298596, levelgen mode: deterministic

42 sanka the Chiller (level 3, 0/24 HPs)
             Began as a Barachi Ice Elementalist on May 28, 2020.
             Slain by a giant cockroach (2 damage)
             ... on level 2 of the Dungeon.
             The game lasted 00:02:09 (1533 turns).

sanka the Chiller (Barachi Ice Elementalist)        Turns: 1533, Time: 00:02:10

Health: 0/24       AC:  2    Str:  9    XL:     3   Next: 54%
Magic:  1/7        EV: 12    Int: 16    God:
Gold:   95         SH:  0    Dex: 12    Spells: 1/8 levels left

rFire    . . .     SeeInvis .   h - +0 short sword (freeze)
rCold    . . .     Gourm    .   (no shield)
rNeg     . . .     Faith    .   b - +0 robe (curse)
rPois    .         Spirit   .   (no helmet)
rElec    .         Reflect  .   (no cloak)
rCorr    .         Harm     .   (no gloves)
MR       .....                  (no boots)
Stlth    ++........             (no amulet)
HPRegen  0.08/turn              (no ring)
MPRegen  0.10/turn              (no ring)

@: slow
A: +LOS, swims, slowness 1, strong legs 1
a: Hop


You were on level 2 of the Dungeon.
You were not hungry.

You visited 1 branch of the dungeon, and saw 2 of its levels.

You collected 95 gold pieces.


Innate Abilities, Weirdness & Mutations

You can be seen from farther away. (+LOS)
You can swim through water.
You cover ground slowly.
You can hop short distances.


   Skills:
 - Level 2.1 Dodging
 - Level 1.7 Stealth
 - Level 3.0 Spellcasting
 + Level 5.8 Ice Magic


You had one spell level left.
You knew the following spells:

 Your Spells              Type           Power        Failure   Level  Hunger
a - Ozocubu's Armour      Chrm/Ice       ##......     17%         3    ###....
y - Frozen Ramparts       Ice            ###...       5%          3    ###....
z - Freeze                Ice            ###.         1%          1    #......

Your spell library contained the following spells:

 Spells                   Type           Power        Failure   Level  Hunger
 Hailstorm                Conj/Ice       ##......     50%         4    #####..
 Summon Ice Beast         Ice/Summ       ##......     50%         4    #####..

Inventory:

Hand Weapons
 d - a +0 club
 h - a +0 short sword of freezing (weapon)
Armour
 b - a cursed +0 robe (worn)
Scrolls
 a - a scroll of identify {unknown}
 e - a scroll of fear {unknown}
 f - 2 scrolls of enchant armour {unknown}
 g - a scroll of remove curse {unknown}
Potions
 i - a potion of curing {unknown}
Comestibles
 c - 3 rations

Dungeon Overview and Level Annotations

Branches:
Dungeon (2/15)

Altars:

▒. ▒. ▒▒▒ ▒▒▒▒▒▒▒. ▒▒▒▒▒.▒
▒.......▒▒▒.....▒
▒........▒▒.▒▒▒.▒
▒........▒▒.).▒.▒
▒........▒▒...▒.▒
▒.....?B.▒▒...▒.▒
▒......wF▒▒...▒.▒
....▒'▒▒▒.....▒.▒
▒▒▒.▒.....▒▒..▒.▒▒▒▒▒▒▒▒
........>....▒........▒▒
......▒......▒▒▒▒▒▒▒▒...
▒▒.▒▒.▒.....▒▒..... ▒..▒
▒▒.▒▒.▒...▒.....▒▒▒.▒..▒
▒.▒..<▒.▒.............▒...
▒........▒..▒...........▒▒


You could see a worm and a giant cockroach.


Message History

You freeze the worm.
The worm is lightly wounded.
The worm bites you!
Aiming: Freeze (safe; 1% risk of failure)
Aim: a worm (lightly wounded)
You freeze the worm!
The worm is heavily wounded.
Aiming: Freeze (safe; 1% risk of failure)
Aim: a worm (heavily wounded)
You freeze the worm.
The worm is severely wounded.
The worm bites you!
* * * LOW HITPOINT WARNING * * *
Aiming: Freeze (safe; 1% risk of failure)
Aim: a worm (heavily wounded)
You freeze the worm.
The worm is severely wounded.
Aiming: Freeze (safe; 1% risk of failure)
Aim: a worm (severely wounded)
You freeze the worm.
The worm is almost dead.
The worm bites you.
* * * LOW HITPOINT WARNING * * *
Aiming: Freeze (safe; 1% risk of failure)
Aim: a worm (almost dead)
You freeze the worm.
The worm is almost dead.
The worm closely misses you. The giant cockroach bites you.
You die...

Action                   || total
-------------------------++-------
Melee: Unarmed           ||     2
       Club              ||     6
       Short sword       ||     1
 Cast: Freeze            ||    50
  Eat: Chunk             ||     2
Armor: Robe              ||     4
Dodge: Dodged            ||    24

Levels and vault maps discovered:
D:1:      minmay_arrival_up_and_down, layout_loops_ring
D:2:      layout_basic, first_ration, minmay_misc_feat_square,
          corexii_item_surrounded_by_moat, st_stairs_3, serial_bayou_crossing

Notes
Turn   | Place    | Note
-------+----------+-------------------------------------------
     0 | D:1      | sanka the Barachi Ice Elementalist began the quest for the
                  | Orb.
     0 | D:1      | Reached XP level 1. HP: 13/13 MP: 3/3
   280 | D:1      | Reached skill level 5 in Ice Magic
   331 | D:1      | Reached XP level 2. HP: 19/19 MP: 1/5
   723 | D:1      | Reached XP level 3. HP: 18/24 MP: 2/7
   799 | D:1      | Learned a level 3 spell: Frozen Ramparts
   803 | D:1      | Learned a level 3 spell: Ozocubu's Armour
   816 | D:1      | Reached skill level 3 in Spellcasting
  1532 | D:2      | HP: 2/24 [worm (3)]
  1533 | D:2      | Slain by a giant cockroach

Vanquished Creatures
  An ooze (D:1)
  2 dart slugs (D:1)
  4 leopard geckos (D:1)
  A giant cockroach (D:1)
  5 goblins
  3 hobgoblins (D:1)
  2 ball pythons (D:1)
  4 frilled lizards (D:1)
  4 kobolds (D:1)
  4 rats (D:1)
30 creatures vanquished.
